Map: Tropical Sacrifice

Players

Harstem - Winner!

  • Race: Protoss Protoss
  • League: Master
  • Spawn Location: 7:00

Solar

  • Race: Zerg Zerg
  • League: Master
  • Spawn Location: 1:00

Event: HomeStory Cup XXII

VOD

Have the link to the VOD?

Description

Time

  • Played on: Dec. 15, 2022, 1:05 p.m.
  • Length: 14:10

All games in this series

Show
View Real Time Build Order
Export as new Build Order

Harstem Protoss - Winner!

Build Orders: 1 Gate Expand, Oracle Opening 

Get SALT Encoding   

  12  0:00  Probe  
  13  0:12  Probe  
  14  0:17  Pylon  
  14  0:24  Probe (Chrono Boost)  
  15  0:36  Probe (Chrono Boost)  
  15  0:39  Gateway  
  16  0:44  Probe (Chrono Boost)  
  16  0:49  Assimilator  
  17  0:52  Probe  
  19  1:04  Probe  
  19  1:16  Probe  
  20  1:26  Nexus  
  20  1:38  Cybernetics Core  
  20  1:41  Probe  
  21  1:48  Assimilator  
  21  1:53  Probe  
  22  1:56  Pylon  
  22  2:05  Probe  
  23  2:12  Adept (Chrono Boost)  
  25  2:17  Probe  
  25  2:22  Stargate  
  27  2:30  Probe (Chrono Boost)  
  27  2:32  Adept (Chrono Boost)  
  29  2:39  Probe (Chrono Boost)  
  29  2:41  Warp Gate  
  31  2:47  Probe (Chrono Boost)  
  31  2:48  Probe (Chrono Boost)  
  32  2:53  Probe x2 (Chrono Boost)  
  36  2:59  Adept  
  38  3:05  Probe  
  38  3:07  Probe  
  42  3:13  Void Ray (Chrono Boost)  
  42  3:17  Probe, Pylon  
  43  3:21  Probe  
  44  3:29  Probe  
  44  3:32  Gateway  
  44  3:33  Probe  
  46  3:41  Oracle (Chrono Boost)  
  46  3:42  Probe  
  46  3:46  Probe  
  51  3:54  Probe  
  51  3:58  Probe  
  51  4:02  Pylon  
  52  4:06  Probe  
  53  4:13  Nexus  
  53  4:17  Pylon  
  53  4:20  Stargate, Probe (Chrono Boost)  
  53  4:22  Assimilator  
  54  4:26  Assimilator  
  54  4:28  Probe (Chrono Boost)  
  55  4:32  Phoenix, Pylon  
  55  4:37  Probe x2 (Chrono Boost)  
  59  4:41  Shield Battery  
  59  4:42  Probe (Chrono Boost)  
  59  4:43  Probe  
  61  4:51  Forge  
  61  4:54  Probe  
  61  4:57  Adept, Phoenix  
  61  4:58  Adept  
  68  5:00  Probe (Chrono Boost)  
  69  5:08  Phoenix  
  69  5:12  Probe x2 (Chrono Boost)  
  73  5:21  Probe (Chrono Boost)  
  75  5:23  Phoenix, Probe (Chrono Boost)  
  75  5:26  Probe  
  75  5:27  Probe  
  75  5:28  Adept  
  75  5:30  Adept  
  75  5:32  Probe (Chrono Boost)  
  80  5:39  Probe (Chrono Boost)  
  80  5:42  Probe (Chrono Boost)  
  82  5:44  Phoenix  
  82  5:47  Twilight Council  
  86  5:50  Probe x2 (Chrono Boost)  
  86  5:54  Probe (Chrono Boost)  
  86  5:55  Phoenix  
  86  5:56  Probe (Chrono Boost), Pylon  
  91  5:59  Assimilator  
  91  6:03  Shield Battery  
  87  6:04  Adept  
  87  6:09  Phoenix (Chrono Boost)  
  87  6:10  Probe  
  88  6:14  Photon Cannon  
  88  6:15  Adept  
  91  6:19  Phoenix (Chrono Boost)  
  91  6:22  Probe  
  91  6:24  Photon Cannon  
  92  6:30  Phoenix (Chrono Boost)  
  92  6:32  Probe  
  95  6:33  Adept  
  99  6:41  Void Ray  
  95  6:48  Zealot, Probe  
  95  6:49  Phoenix  
  95  6:53  Probe  
  91  7:03  Zealot  
  93  7:15  Nexus  
  91  7:16  Pylon x2  
  90  7:23  Protoss Ground Weapons Level 1, Charge  
  87  7:34  Phoenix  
  87  7:36  Probe (Chrono Boost)  
  85  7:41  Probe (Chrono Boost)  
  85  7:44  Probe (Chrono Boost)  
  85  7:46  Shield Battery  
  85  7:49  Pylon  
  86  7:58  Probe  
  86  8:07  Phoenix x2  
  86  8:08  Adept, Probe, Photon Cannon  
  86  8:11  Probe  
  94  8:20  Gateway  
  94  8:21  Gateway  
  94  8:24  Gateway  
  94  8:25  Gateway, Assimilator  
  96  8:27  Templar Archives, Probe x2  
  96  8:28  Probe  
  96  8:29  Adept  
  96  8:31  Protoss Air Weapons Level 1  
  96  8:33  Assimilator  
  99  8:39  Probe x2  
  101  8:47  Zealot  
  104  8:50  Pylon  
  104  8:53  Gateway  
  104  8:55  Robotics Facility  
  101  8:58  Zealot, Gateway  
  103  9:09  Zealot  
  104  9:16  Phoenix x2  
  108  9:18  Zealot  
  108  9:19  Zealot x3  
  114  9:28  Pylon  
  114  9:30  Zealot, Probe  
  106  9:33  Probe, Protoss Ground Weapons Level 2 (Chrono Boost)  
  106  9:36  Pylon  
  103  9:46  High Templar x2  
  103  9:51  Archon, High Templar x2  
  103  9:52  High Templar x2  
  113  9:54  Zealot  
  113  9:58  Archon  
  115  10:00  Archon  
  115  10:01  Nexus  
  115  10:09  Immortal (Chrono Boost)  
  115  10:10  Probe  
  116  10:14  Zealot  
  116  10:16  Pylon  
  116  10:17  Shield Battery  
  116  10:19  Zealot x2  
  122  10:30  Zealot  
  122  10:34  Probe  
  126  10:35  Probe  
  126  10:37  Pylon  
  126  10:40  High Templar x4  
  130  10:43  Archon  
  130  10:46  Zealot x2, Archon  
  130  10:47  Probe  
  119  10:50  Zealot x2  
  119  10:52  Immortal (Chrono Boost)  
  127  10:58  Nexus  
  121  11:06  Zealot x2  
  118  11:13  Zealot x4  
  124  11:19  Probe  
  124  11:23  Zealot x2  
  124  11:24  Immortal (Chrono Boost)  
  104  11:30  Zealot  
  104  11:31  Zealot  
  102  11:37  Zealot x4  
  98  11:48  High Templar x2  
  98  11:50  Probe  
  101  11:58  High Templar x2  
  101  11:59  Zealot x4  
  105  12:01  Psionic Storm  
  105  12:04  Observer (Chrono Boost)  
  105  12:05  Archon x2  
  105  12:06  Probe  
  107  12:23  Probe  
  107  12:25  Zealot x4  
  107  12:26  Zealot  
  107  12:29  Zealot  
  105  12:44  Zealot x2  
  105  12:47  Zealot x5  
  90  12:59  Immortal (Chrono Boost)  
  90  13:00  Zealot  
  94  13:06  Probe (Chrono Boost)  
  94  13:08  Probe (Chrono Boost)  
  94  13:10  High Templar x4, Pylon  
  94  13:11  High Templar x2  
  108  13:14  Archon, High Templar  
  108  13:15  Archon  
  110  13:21  Probe (Chrono Boost)  
  110  13:25  Assimilator  
  111  13:29  Assimilator  
  111  13:30  Zealot  
  111  13:33  Shield Battery, Immortal (Chrono Boost)  
  114  13:36  Pylon  
  117  13:44  High Templar x2, Pylon  
  119  13:49  Archon  
  117  13:57  Stalker x3  
  123  14:04  Archon  
  123  14:05  Stalker  
  123  14:06  Stalker x2  
Show
View Real Time Build Order
Export as new Build Order

Solar Zerg 

Build Orders: Hatch First 

Get SALT Encoding   

  12  0:00  Drone  
  13  0:12  Overlord  
  13  0:16  Drone  
  14  0:31  Drone x2  
  16  0:50  Hatchery  
  16  0:52  Drone  
  16  0:55  Drone  
  17  0:58  Drone  
  18  1:10  Extractor  
  17  1:15  Spawning Pool  
  17  1:18  Drone  
  17  1:21  Drone  
  18  1:27  Drone  
  19  1:38  Drone  
  20  1:49  Overlord  
  20  2:02  Queen x2  
  20  2:03  Zergling x4  
  26  2:12  Drone  
  26  2:13  Drone  
  28  2:15  Metabolic Boost  
  28  2:25  Drone x2  
  30  2:38  Hatchery  
  30  2:41  Drone  
  30  2:48  Queen  
  32  2:52  Overlord  
  32  2:54  Drone  
  33  2:58  Zergling x2  
  33  3:03  Drone  
  35  3:08  Zergling x2  
  36  3:13  Queen  
  36  3:15  Drone  
  36  3:16  Drone x3  
  42  3:21  Overlord  
  42  3:23  Drone  
  42  3:24  Drone  
  44  3:34  Overlord  
  44  3:39  Queen  
  44  3:41  Drone x2  
  48  3:45  Spore Crawler  
  47  3:49  Drone x2  
  47  3:51  Drone  
  47  3:53  Queen  
  51  3:59  Drone  
  52  4:04  Drone x4  
  52  4:08  Overlord  
  56  4:11  Drone x2  
  56  4:12  Drone  
  56  4:13  Spore Crawler  
  56  4:15  Overlord  
  58  4:19  Overlord  
  58  4:22  Overlord  
  58  4:25  Overlord  
  58  4:28  Drone  
  59  4:31  Queen  
  59  4:34  Zergling x2  
  59  4:37  Drone x2  
  59  4:38  Drone  
  65  4:39  Drone x2  
  65  4:44  Lair  
  67  4:46  Drone  
  67  4:51  Roach Warren  
  67  4:52  Extractor  
  66  4:53  Drone  
  66  4:54  Drone, Extractor  
  66  4:57  Zergling x4  
  66  4:59  Overlord  
  69  5:01  Drone x2  
  69  5:04  Drone x2, Extractor  
  69  5:06  Drone x2  
  74  5:10  Drone  
  75  5:14  Overlord  
  75  5:16  Zergling x4  
  75  5:21  Pneumatized Carapace  
  77  5:22  Zergling x6  
  77  5:28  Overlord  
  77  5:33  Roach  
  77  5:34  Roach x4  
  77  5:35  Roach  
  89  5:37  Roach  
  89  5:41  Roach  
  93  5:44  Overlord  
  93  5:45  Roach  
  93  5:46  Roach  
  93  5:49  Roach  
  98  5:50  Overlord  
  98  5:51  Zergling x2  
  98  5:56  Zergling x8  
  101  6:00  Zergling x6  
  102  6:04  Zergling x6  
  102  6:10  Ravager x3  
  104  6:12  Zergling x8  
  104  6:15  Overlord  
  107  6:21  Queen x2  
  107  6:23  Ravager  
  107  6:25  Zergling x6  
  115  6:29  Overlord  
  115  6:30  Zergling x4  
  115  6:34  Overlord x2  
  115  6:35  Zergling x8  
  115  6:37  Zergling x2  
  115  6:38  Zergling x2  
  117  6:44  Queen  
  107  6:47  Drone  
  107  6:49  Drone  
  100  6:55  Drone x2  
  100  6:56  Queen, Drone  
  100  6:57  Hydralisk Den  
  100  6:58  Drone  
  100  6:59  Drone  
  100  7:00  Drone  
  100  7:02  Drone  
  100  7:03  Drone x2  
  100  7:05  Drone  
  100  7:09  Drone  
  100  7:10  Drone  
  100  7:12  Spore Crawler, Drone  
  100  7:13  Extractor  
  93  7:20  Drone  
  93  7:21  Drone  
  93  7:22  Drone  
  94  7:25  Spore Crawler  
  94  7:29  Grooved Spines  
  92  7:30  Queen  
  92  7:31  Spore Crawler  
  92  7:34  Hydralisk x3  
  96  7:40  Hydralisk x3, Evolution Chamber  
  96  7:42  Hydralisk  
  100  7:45  Hydralisk  
  100  7:46  Extractor  
  100  7:50  Hydralisk  
  100  7:51  Hydralisk  
  102  7:54  Drone x3  
  102  7:55  Hydralisk  
  102  7:57  Hydralisk  
  109  8:08  Hydralisk x2  
  109  8:10  Hydralisk  
  115  8:15  Zerg Missile Weapons Level 1, Overlord  
  115  8:18  Hydralisk  
  117  8:21  Hatchery  
  117  8:23  Baneling Nest  
  117  8:26  Hydralisk  
  117  8:27  Hydralisk x2  
  115  8:30  Overlord  
  115  8:31  Hydralisk  
  122  8:38  Hydralisk x3  
  128  8:43  Muscular Augments  
  128  8:45  Zergling x8  
  132  8:53  Hydralisk x2, Overlord  
  136  8:57  Spore Crawler  
  136  8:59  Hydralisk x2  
  139  9:03  Hydralisk  
  139  9:08  Hydralisk x2  
  143  9:10  Hydralisk  
  143  9:13  Zergling x2  
  143  9:14  Zergling x4  
  143  9:16  Hydralisk  
  150  9:20  Hydralisk  
  150  9:21  Zergling x4  
  149  9:27  Hydralisk x2  
  149  9:30  Hydralisk  
  134  9:32  Hydralisk  
  134  9:36  Hydralisk x2  
  121  9:38  Hydralisk  
  121  9:44  Hydralisk x2  
  124  9:45  Hydralisk  
  124  9:49  Hydralisk  
  124  9:52  Zergling x4  
  130  9:56  Centrifugal Hooks  
  130  9:58  Zergling x2  
  131  10:02  Baneling x6  
  131  10:03  Baneling x2  
  131  10:05  Zergling x4  
  133  10:08  Hydralisk  
  133  10:10  Hydralisk  
  133  10:13  Zergling x4  
  139  10:14  Hydralisk  
  139  10:16  Zergling x2  
  139  10:18  Hydralisk  
  145  10:21  Zergling x6  
  145  10:26  Hydralisk x2  
  147  10:29  Hydralisk  
  147  10:30  Zergling x2  
  147  10:33  Hydralisk  
  152  10:36  Overlord  
  152  10:40  Hydralisk x2  
  151  10:45  Hydralisk  
  151  10:46  Queen  
  151  10:49  Zerg Melee Weapons Level 1  
  150  10:51  Baneling x5  
  150  10:54  Hydralisk  
  150  10:56  Zergling x4  
  151  10:58  Zergling x2  
  143  11:09  Hydralisk x4  
  148  11:11  Zergling x2  
  148  11:12  Zergling x2  
  140  11:19  Hydralisk x2  
  140  11:21  Hydralisk  
  140  11:24  Hydralisk  
  117  11:28  Hydralisk x2  
  108  11:34  Hydralisk x2  
  108  11:37  Hydralisk  
  104  11:40  Hydralisk  
  104  11:43  Hydralisk  
  104  11:44  Zergling x2  
  99  11:48  Zergling x2  
  99  11:49  Zergling x2  
  97  11:56  Hydralisk  
  97  11:57  Hydralisk  
  97  11:58  Zergling x2  
  97  11:59  Queen  
  102  12:02  Zergling x4  
  102  12:04  Hydralisk  
  102  12:07  Zergling x2  
  107  12:08  Baneling  
  107  12:09  Baneling  
  107  12:12  Hydralisk  
  107  12:13  Zergling x2  
  110  12:16  Hydralisk  
  110  12:18  Zergling x2  
  110  12:20  Zergling x2  
  110  12:21  Zergling x2  
  113  12:23  Hydralisk  
  113  12:25  Baneling  
  113  12:26  Baneling x3  
  113  12:28  Zergling x2  
  113  12:29  Zergling x2  
  117  12:30  Zergling x2  
  117  12:34  Baneling x2, Hydralisk  
  110  12:44  Hydralisk x2  
  110  12:47  Hydralisk x2  
  98  12:51  Hydralisk  
  98  12:52  Hydralisk  
  98  12:54  Zergling x4  
  98  12:56  Hydralisk  
  99  13:00  Hydralisk x2  
  99  13:02  Zergling x2  
  98  13:06  Zergling x6  
  98  13:08  Baneling x2  
  98  13:10  Hydralisk  
  103  13:13  Hydralisk  
  103  13:15  Zergling x2  
  103  13:17  Baneling x2  
  103  13:19  Zergling x4  
  108  13:20  Baneling  
  108  13:21  Zergling x2  
  108  13:26  Hydralisk  
  111  13:28  Hydralisk  
  111  13:32  Baneling x4  
  111  13:33  Zergling x4  
  115  13:35  Baneling x4  
  115  13:36  Zergling x2  
  115  13:40  Hydralisk  
  115  13:41  Hydralisk  
  117  13:43  Zergling x2, Baneling x2  
  117  13:44  Baneling  
  117  13:47  Zergling x2  
  117  13:48  Zergling x4  
Tags
 
Add a new tag
Caveats
  • Supply blocks, unpowered buildings, or Contaminate may cause inaccurate times.
  • Supply counts are checked every 10 seconds.